AoeStats
← khiemkocodua

Lombardia

507913547Analyzed
4v4 RM · 11d ago on Sep 20, 2026· 19m 9s· 8 players
Game mode
Random Map
Map size
Large (8 player)
Population
200
Speed
Normal
Resources
Standard
Victory
Conquest
Starting age
Dark Age
Ending age
Imperial Age
RankedLock teamsTeams togetherTeam positionsShared explorationLock speedFull tech treeHidden civsTurbo modeCheats
Victory
Defeat
🇻🇳 Britons · Vietnam
1247
+14
🇻🇳 Magyars · Vietnam
1246
+14
🇻🇳 Maya · Vietnam
1218
+15
🇻🇳 Mongols · Vietnam
1196
+16
🇨🇳 Saracens · China
1243
-17
🇸🇻 Mapuche · El Salvador
1200
-15
🇦🇺 Dravidians · Australia
1173
-14
🇻🇳 Teutons · Vietnam
1149
-13
Yaoces
4:45 Loom
11:30 Feudal Age
15:58 Castle Age
16:06 Double-Bit Axe
16:05 Horse Collar
18:03 Fletching
ScotchAndSkirms
10:28 Feudal Age
15:03 Castle Age
14:03 Double-Bit Axe
14:01 Horse Collar
14:55 Loom
16:52 Bow Saw
18:53 Town Watch
khiemkocodua
5:39 Loom
11:15 Feudal Age
wuyu
1:44 Loom
11:31 Feudal Age
kaidong173
5:57 Loom
9:00 Feudal Age
13:38 Double-Bit Axe
14:45 Horse Collar
18:33 Castle Age
16:52 Gold Mining
17:19 Fletching
19:18 Wheelbarrow
19:00 Crossbowman
LYO
9:55 Feudal Age
8:49 Loom
12:07 Double-Bit Axe
13:31 Bloodlines
13:58 Horse Collar
Rangerzz
6:07 Loom
8:49 Feudal Age
9:33 Double-Bit Axe
14:10 Wheelbarrow
15:13 Horse Collar
15:21 Town Watch
20:36 Castle Age
19:13 Forging
19:08 Scale Barding Armor
JackTheRipper
2:58 Loom
10:30 Feudal Age
11:53 Double-Bit Axe
12:06 Horse Collar
12:50 Gold Mining
16:55 Fletching
Connection lost

Rejoining the realm…

Still unreachable

The connection could not be restored.

Session expired

The server has moved on; the page needs a fresh start.